[Event "plancoët 2012"]
[Site "?"]
[Date "2012.07.30"]
[Round "?"]
[White "serafimov, tervel"]
[Black "mista, aleksander"]
[Result "1/2-1/2"]
[ECO "A29"]
[WhiteElo "2425"]
[BlackElo "2541"]
[Annotator "Pierre-Jean Allory"]
[PlyCount "102"]
[EventDate "2012.??.??"]
[TimeControl "240+2"]

{512MB, Opening Tree.ctg} 1. g3 Nf6 2. Bg2 e5 3. c4 d5 4. cxd5
Nxd5 5. Nc3 Nb6 6. Nf3 Nc6 7. Rb1 f6 8. O-O Be6 9. d3 Be7 10. a3 O-O 11. b4 a5
12. b5 Nd4 13. Nd2 Qc8 14. e3 Nf5 15. Qc2 a4 16. Nce4 Rd8 17. Bb2 Qd7 18. Rfc1
Qxb5 19. Qxc7 Nd5 20. Qc2 Rac8 21. Nc4 Qa6 22. Qd2 b5 23. Qa5 Nc7 24. Qxa6 Nxa6
25. Na5 Kf8 26. Rc6 Rxc6 27. Nxc6 Rc8 28. Nc3 Nd6 29. Ba1 Bb3 30. d4 e4 31. d5
f5 32. Bf1 Nc7 33. Nd4 Nxd5 34. Ncxb5 (34. Nxd5 Bxd5) 34... Nxb5 35. Bxb5 Bxa3
36. Nxb3 axb3 37. Ba4 b2 38. Bxb2 Bxb2 39. Rxb2 Rc4 40. Bd7 g6 41. Be6 Rc1+ 42.
Kg2 Nc7 43. Ba2 Ke7 44. Bg8 Kf6 45. Rb6+ Kg7 46. Be6 Rc5 47. g4 fxg4 48. Bxg4
Rg5 49. Rb7 Rxg4+ 50. Kh3 h5 51. Rxc7+ Kf6 1/2-1/2

[Event "Plancoët 2012"]
[Site "?"]
[Date "2012.07.30"]
[Round "3"]
[White "Vovk, Andrey"]
[Black "Milchev, Nikolay"]
[Result "0-1"]
[ECO "C60"]
[WhiteElo "2549"]
[BlackElo "2421"]
[Annotator "Pierre-Jean Allory"]
[PlyCount "88"]
[EventDate "2012.??.??"]
[TimeControl "240+2"]

{512MB, Opening Tree.ctg} 1. e4 e5 2. Nf3 Nc6
3. Bb5 Nge7 4. O-O g6 5. c3 a6 6. Ba4 Bg7 7. d4 exd4 8. cxd4 b5 9. Bc2 d6 10.
h3 O-O 11. Nc3 h6 12. Re1 d5 13. e5 Be6 14. a4 b4 15. Ne2 a5 16. Nf4 Nb8 17.
Nh4 Qe8 18. Re3 Ra6 19. Nxe6 Rxe6 20. f4 c5 21. dxc5 Nd7 22. Nf3 Nxc5 23. Nd4
Rb6 24. f5 f6 25. e6 b3 26. Nxb3 Ne4 27. Nd4 gxf5 28. b3 f4 29. Rf3 Rb4 {les
noirs proposent nulle} 30. Ba3 f5 31. Bxb4 axb4 32. Kh2 Qb8 33. Rc1 Ng5 34. Rd3
f3+ 35. g3 Be5 36. Qg1 f4 37. g4 f2 38. Qxf2 f3+ 39. Kh1 Ne4 40. Qh4 Ng3+ 41.
Kg1 Bxd4+ 42. Rxd4 Ne2+ 43. Kh1 Ng3+ 44. Kg1 f2+ 0-1

[Event "Plancoët 2012"]
[Site "?"]
[Date "2012.07.31"]
[Round "4"]
[White "Istratecu, Andrei"]
[Black "Milchev, Nikolay"]
[Result "1-0"]
[ECO "A43"]
[WhiteElo "2641"]
[BlackElo "2421"]
[Annotator "Vianney Binard"]
[PlyCount "77"]
[EventDate "2012.??.??"]
[TimeControl "240+2"]

{512MB, Opening Tree.ctg} 1. d4 Nf6 2. Nf3 c5 3. d5 g6 4. Nc3 d6 5. e4 Bg7 6.
Bb5+ Nfd7 7. a4 O-O 8. O-O Na6 9. Re1 Nc7 10. Bf1 b6 11. Bf4 Ba6 12. Bxa6 Nxa6 13. Qd2 Nc7 14. Bh6 a6 15. Bxg7 Kxg7 16. Ne2
b5 17. Ng3 f6 18. h4 bxa4 19. Rxa4 Ne5 20.
Nh2 Qd7 21. Rea1 Rab8 22. b3 c4 23. b4 c3 24.
Qxc3 Rfc8 25. Qd2 Qb5 26. h5 Qb6 27. Nhf1 Nb5 28. hxg6 hxg6 29. Ne3 Kf7 30. c4 Nd4 31. Qa2 a5 32. b5 Nd3 33. Rxa5 Qc5 34. Rd1
Ne5 35. Qb2 Nxc4 36. Nxc4 Nxb5 37. Ne3 Qc3 38. Qxc3 Nxc3 39. Rc1 1-0

[Event "open de plancoët 2012"]
[Site "?"]
[Date "2012.07.30"]
[Round "4"]
[White "mista, aleksander"]
[Black "bleuvnen, andre"]
[Result "1-0"]
[ECO "B85"]
[WhiteElo "2541"]
[BlackElo "2221"]
[Annotator "Maël Corbel et Nicolas Favrel"]
[PlyCount "118"]
[EventDate "2012.??.??"]
[TimeControl "240+2"]

{512MB, Opening Tree.ctg} 1. e4 c5 2. Nf3 e6 3. d4 cxd4 4.
Nxd4 Nc6 5. Nc3 d6 6. Be3 Nf6 7. Be2 a6 8. f4 Be7 9. O-O O-O 10. a4 Qc7 11. Kh1
Re8 12. Bf3 Bf8 13. Qd2 Nxd4 14. Bxd4 e5 15. Bf2 exf4 16. Bd4 Be7 17. Qxf4 Be6
18. Qg3 Kh8 19. Rf2 Rg8 20. e5 dxe5 21. Bxe5 Qb6 22. a5 Qxb2 23. Ne4 Qb4 24.
Re2 Rad8 25. c3 Qb3 26. Bd4 Rd7 27. Ng5 Rc8 28. Rae1 Rxd4 29. cxd4 Bb4 30. Nxe6
fxe6 31. Bxb7 Qxg3 32. hxg3 Rd8 33. Rc1 Bxa5 34. Rc8 Rxc8 35. Bxc8 Bc3 36. Bxe6
g6 37. d5 Bb4 38. Rc2 a5 39. Rc8+ Kg7 40. Rc7+ Kh6 41. Rc4 Ne8 42. Bd7 Nd6 43.
Rc2 Kg5 44. Kg1 Ne4 45. Rc4 Nd6 46. Rh4 Be1 47. Kf1 Bd2 48. Rh3 Bb4 49. Ke2 Ne4
50. Ke3 Nd2 51. Rh4 Nc4+ 52. Kd4 Nd6 53. Rf4 h5 54. Ke5 Nb7 55. Bc6 Nc5 56. d6
Nd3+ 57. Ke6 Nc5+ 58. Kd5 Nd3 59. Rf3 Nc5 1-0

[Event "Plancoêt"]
[Site "?"]
[Date "2012.07.31"]
[Round "4"]
[White "Mevel, Alberic"]
[Black "Guliyev, Namig"]
[Result "0-1"]
[ECO "B80"]
[WhiteElo "2188"]
[BlackElo "2539"]
[Annotator "Nicolas Favrel"]
[PlyCount "52"]
[EventDate "2012.??.??"]
[TimeControl "240+2"]

{512MB, Opening Tree.ctg} 1. e4 c5 2. Nf3 e6
3. Nc3 d6 4. d4 cxd4 5. Nxd4 Nf6 6. Be3 a6 7. f3 b5 8. Qd2 Nbd7 9. g4 Nb6 10.
O-O-O Bb7 11. Bd3 Rc8 12. g5 Nfd7 13. f4 Nc4 14. Bxc4 Rxc4 15. b3 Rc8 16. f5
Nc5 17. fxe6 fxe6 18. Rhf1 Qd7 19. Qe1 b4 20. Nb1 Bxe4 21. Kb2 d5 22. Nd2 Bd6
23. Ne2 Bxc2 24. Kxc2 Qb5 25. Nd4 Qd3+ 26. Kb2 Qc3+ 0-1

[Event "Plancoêt"]
[Site "?"]
[Date "2012.07.31"]
[Round "4"]
[White "Kaulfuss, Helmut"]
[Black "Bailet, Pierre"]
[Result "0-1"]
[ECO "A00"]
[WhiteElo "2181"]
[BlackElo "2426"]
[Annotator "Favrel Nicolas"]
[PlyCount "69"]
[EventDate "2012.??.??"]
[TimeControl "240+2"]

{512MB, Opening Tree.ctg} 1. Nc3 f5 2. e4 fxe4 3. Qh5+ g6 4. Qe5 Nf6 5. Nxe4
Bg7 6. Nf3 d5 7. Nxf6+ Bxf6 8. Qg3 e5 9. d3 Nc6 10. Be2 Bf5 11. O-O Qe7 12. c3
O-O-O 13. Bg5 e4 14. Bxf6 Qxf6 15. Nd2 exd3 16. Bxd3 d4 17. Bxf5+ gxf5 18. c4
Rhg8 19. Qh3 Rg6 20. f4 d3 21. Rab1 Rh6 22. Qe3 Qg7 23. Nf3 Qf7 24. b3 Qe6 25.
Qxe6+ Rxe6 26. Rbd1 Nb4 27. Rd2 Re2 28. Rfd1 a5 29. Kf1 Re4 30. g3 Nc2 31. Kf2
Ne3 32. Rc1 Ng4+ 33. Kg1 Re3 34. Rf1 Nf6 35. Re1 0-1

[Event "Plancoët 2012"]
[Site "?"]
[Date "2012.08.01"]
[Round "5"]
[White "Mista, Aleksander"]
[Black "Istratescu, Andrei"]
[Result "1-0"]
[ECO "C07"]
[WhiteElo "2541"]
[BlackElo "2641"]
[Annotator "Pierre-Jean Allory et Nicolas Favrel"]
[PlyCount "167"]
[EventDate "2012.??.??"]
[TimeControl "240+2"]

{512MB, Opening Tree.ctg} 1. e4 e6 2. d4 d5 3. Nd2 c5 4. exd5 Qxd5 5. Ngf3 cxd4
6. Bc4 Qd6 7. O-O Nf6 8. Nb3 Nc6 9. Nbxd4 Nxd4 10. Nxd4 a6 11. Re1 Bd7 12. c3
Qc7 13. Qe2 Bd6 14. Bxe6 fxe6 15. Nxe6 Bxe6 16. Qxe6+ Kf8 17. Bh6 Bxh2+ 18. Kh1
Qf7 19. Kxh2 Qxe6 20. Rxe6 Kf7 21. Rxf6+ Kxf6 22. Be3 Rad8 23. a4 Rd5 24. Ra3
Rc8 25. Rb3 Rd7 26. Rb4 Rc6 27. Rf4+ Ke7 28. Bd4 Ke8 29. b4 Rf7 30. Re4+ Kd7
31. Re5 Rh6+ 32. Kg1 Re6 33. Rd5+ Kc6 34. Rc5+ Kd6 35. g3 g6 36. Kg2 Re2 37.
Be3 Ra2 38. a5 Ra1 39. Bf4+ Ke6 40. Re5+ Kd7 41. Rd5+ Ke8 42. Be3 Rd7 43. Re5+
Kf7 44. Bd4 Re7 45. Rd5 Rae1 46. Be3 Rc7 47. Rd6 Ke8 48. Rb6 Kd8 49. c4 Ra1 50.
Bf4 Rf7 51. c5 Rb1 52. c6 bxc6 53. Bd6 Ra7 54. Rxc6 Kd7 55. Rb6 Rd1 56. Bc5 Kc7
57. Rf6 Ra8 58. Bb6+ Kd7 59. Rf7+ Ke6 60. Rxh7 Rd7 61. Rh4 Rc8 62. Bc5 Rd5 63.
Re4+ Re5 64. Rg4 Kf7 65. Bd4 Rd5 66. Be3 Rc2 67. Rh4 Rb5 68. Rh7+ Kg8 69. Ra7
Rxb4 70. Rxa6 Kf7 71. Ra7+ Kf6 72. a6 Ra4 73. Ra8 Rca2 74. a7 g5 75. Kh3 Kg7
76. Rd8 Rxa7 77. Bxa7 Rxa7 78. Kg4 Ra2 79. f3 Ra3 80. Rd5 Kh6 81. Rxg5 Rxf3 82.
Rh5+ Kg6 83. Kxf3 Kxh5 84. Kf4 1-0

[Event "Plancoët 2012"]
[Site "?"]
[Date "2012.08.01"]
[Round "?"]
[White "Guliyev, Namig"]
[Black "Mladenov, Plamen"]
[Result "1/2-1/2"]
[ECO "C91"]
[WhiteElo "2539"]
[BlackElo "2401"]
[Annotator "Pierre-Jean Allory"]
[PlyCount "114"]
[EventDate "2012.??.??"]
[TimeControl "240+2"]

{512MB, Opening Tree.ctg} 1. e4 e5 2. Nf3 Nc6 3. Bb5 a6 4. Ba4
Nf6 5. O-O Be7 6. Re1 b5 7. Bb3 d6 8. c3 O-O 9. d4 Bg4 10. d5 Na5 11. Bc2 c6
12. h3 Bh5 13. dxc6 Nxc6 14. Bg5 b4 15. Bxf6 Bxf6 16. Ba4 Bxf3 17. Qxf3 bxc3
18. Nxc3 Nd4 19. Qd3 Bg5 20. Bb3 Qb8 21. Bd5 Ra7 22. b3 Bd8 23. Bc4 a5 24. Nd5
Nc6 25. a3 Ne7 26. Nxe7+ Bxe7 27. Red1 g6 28. Bd5 Bd8 29. Rac1 Bb6 30. Rc4 Rc8
31. g3 Rxc4 32. Bxc4 Bc5 33. a4 Kg7 34. Kg2 Qd8 35. Qe2 Ra8 36. Rd3 Qe7 37. Rf3
Rf8 38. h4 f5 39. Bd5 f4 40. Qd2 fxg3 41. Rxf8 Qxf8 42. fxg3 h5 43. Bc4 Qf6 44.
Qd5 Qf8 45. Qb7+ Kh6 46. Qf7 Qxf7 47. Bxf7 g5 48. g4 gxh4 49. gxh5 Kg5 50. Kh3
Bf2 51. Be8 Be1 52. Bg6 Bb4 53. Kg2 Bc5 54. Kf3 Bb4 55. Be8 Bc5 56. Kg2 Bb4 57.
Kh3 Bc5 1/2-1/2

[Event "plancoët 2012"]
[Site "?"]
[Date "2012.07.30"]
[Round "2"]
[White "Brochet, philippe"]
[Black "Malakhatko, vadim"]
[Result "1/2-1/2"]
[ECO "B40"]
[WhiteElo "2390"]
[BlackElo "2530"]
[Annotator "David Najart"]
[PlyCount "91"]
[EventDate "2012.??.??"]
[TimeControl "240+2"]

{512MB, Opening Tree.ctg} 1. e4 c5 2. Nf3 e6 3. g3 d5 4. exd5 exd5 5. Bg2 Qe7+ 6. Kf1 Nc6 7. d4 Nf6 8. Nc3 Be6 9. Bf4 O-O-O 10. h3 h6 11. Be3 c4 12. b3 Ne4 13. Qe1 Nxc3 14. Qxc3 Qb4 15. Qe1 Qxe1+ 16. Nxe1 Bb4 17. Bf3 Bf5 18. Kg2 Bxe1 19. Rhxe1 Bxc2 20. bxc4 dxc4 21. Rac1 Bd3 22. Red1 Kd7 23. Bd5 Ne7 24. Bxb7 Rb8 25. Ba6 Nd5 26. Bxc4 Be4+ 27. Kf1 Nxe3+ 28. fxe3 Rb2 29. h4 Rhb8 30. a4 R8b6 31. Be2 Bf3 32. Bxf3 Rf6 33. Rc3 Rxf3+ 34. Ke1 (
34. Kg1) 34... Rxg3 35. Rd2 Rg1+ 36. Kf2 Rxd2+ 37. Kxg1 Ra2 38. Rc4 Re2 39. Rc3
Kd6 40. Rb3 f5 41. Rb7 g5 42. Rxa7 Rxe3 43. Ra6+ Kd5 44. Ra5+ Ke6 45. Ra6+ Kd5
46. Ra5+ 1/2-1/2

[Event "plancöet 2012"]
[Site "?"]
[Date "2012.08.02"]
[Round "6"]
[White "bernard, christophe"]
[Black "vovk, andrey"]
[Result "0-1"]
[ECO "A48"]
[WhiteElo "2290"]
[BlackElo "2549"]
[Annotator "Mael  Corbel"]
[PlyCount "87"]
[EventDate "2012.??.??"]
[TimeControl "240+2"]

{512MB, Opening Tree.ctg} 1. d4 Nf6 2. Nf3 g6 3. Bg5 Bg7 4. Nbd2 h6 5. Bh4 c5
6. Bxf6 Bxf6 7. Ne4 Bxd4 8. Nxd4 cxd4 9. Qxd4 O-O 10. c4 Nc6 11. Qd2 Kh7 12. g3
a5 13. Bg2 a4 14. O-O Qa5 15. Rfd1 d6 16. Qxa5 Rxa5 17. Nc3 Be6 18. b4 axb3 19.
axb3 Rfa8 20. Rxa5 Rxa5 21. Rb1 Ra3 22. Nb5 Ra2 23. Bxc6 bxc6
24. Nd4 Bd7 25. Kf1 c5 26. Nf3 Bf5 27. Rc1 Rb2 28. Rc3 Rb1+ 29. Kg2 Be4 30. g4
f5 31. gxf5 gxf5 32. Kg3 e5 33. Nd2 Rg1+ 34. Kh3 Bg2+ 35. Kh4 Bc6 36. Rg3 Rh1
37. Kh3 e4 38. Rc3 Rg1 39. b4 cxb4 40. Rb3 f4 41. Kh4 Kg6 42. f3 e3 43. Ne4
Bxe4 44. fxe4 0-1

[Event "plancoët 2012"]
[Site "?"]
[Date "2012.08.02"]
[Round "6"]
[White "Milchev, nikolay"]
[Black "mista, aleksander"]
[Result "1-0"]
[ECO "A37"]
[WhiteElo "2421"]
[BlackElo "2541"]
[Annotator "Pierre-Jean Allory"]
[PlyCount "121"]
[EventDate "2012.??.??"]
[TimeControl "240+2"]

{512MB, Opening Tree.ctg} 1. Nf3 c5 2. g3 Nc6 3. Bg2 e5 4. d3
g6 5. O-O Bg7 6. c4 Nge7 7. Nc3 d6 8. Nd2 O-O 9. a3 Be6 10. Nd5 Qd7 11. Re1
Rab8 12. Nf1 Bh3 13. Bh1 Nxd5 14. Bxd5 Ne7 15. Bh1 d5 16. cxd5 Nxd5 17. Qc2
Rfc8 18. Nd2 h6 19. Rb1 Be6 20. b3 b5 21. Bb2 a5 22. Ne4 f5 23. Nd2 Nb6 24. Ba1 a4 25.
bxa4 Nxa4 26. Nf3 Qd6 27. Rbd1 g5 28. Bg2 g4
29. Nd2 Qa6 30. e4 f4 31. gxf4 b4 32. Rb1 exf4 33. e5 bxa3 34. Nc4 f3 35. Bf1 Rb4 36. Nxa3 Nb6 37. Bb2 Nd5 38. Nc4 Rcb8 39.
Ra1 Qc6 40. Bc1 Ra8 41.
Rxa8+ Qxa8 42. Nd6 Qa7 43. d4 Rxd4 44. Bxh6 Nf4 45. Bxf4 Rxf4 46. Qg6 Qe7 47. Ra1 Bd5
48. Bc4 Bxc4 49. Nxc4 Qb7
50. Nd6 Qd5 51. Nf5 Rxf5 52. Qxf5 c4 53. Rc1 Qd2 54. Rb1 Qd8 55. Qe6+
Kh7 56. Qxc4 Qg5 57. Qe4+ Kh6 58. Rb6+ Kh5 59. Qh7+ Bh6 60. Qf7+ Kh4 61. Qf6
1-0

[Event "Plancoët"]
[Site "?"]
[Date "2012.08.01"]
[Round "5"]
[White "Milchev, Nikolay"]
[Black "Serafimov, Tervel"]
[Result "1-0"]
[ECO "A13"]
[WhiteElo "2421"]
[BlackElo "2425"]
[Annotator "Pierre-Jean Allory"]
[PlyCount "87"]
[EventDate "2012.??.??"]
[TimeControl "240+2"]

{545MB, Mypc} 1. Nf3 d5 2. c4 e6 3. g3 g6 4. Bg2 Bg7 5. O-O Ne7 6. d4 Nbc6 7.
cxd5 exd5 8. Nc3 O-O 9. Bf4 a6 10. Rc1 Nf5 11. e3 Nce7 12. Qb3 b6 13. g4 Nh6
14. h3 Ra7 15. Qa3 c6 16. Ne5 Kh8 17. Na4 b5 18. Qc5 Rb7 19. Nc3 Qb6 20. Nb1
Bxe5 21. Bxe5+ f6 22. Bd6 Nhg8 23. Qxb6 Rxb6 24. Nd2 Bd7 25. Nb3 Rc8 26. a3 Rb7
27. Na5 Ra7 28. Rc3 Kg7 29. Rfc1 Kf7 30. f3 Re8 31. Kf2 Raa8 32. e4 Nc8 33. Bc5
Nge7 34. Re3 f5 35. exf5 gxf5 36. Rce1 Ng6 37. Rxe8 Bxe8 38. gxf5 Nh4 39. Re5
Nxg2 40. Kxg2 Bd7 41. Kg3 Kf6 42. Kf4 b4 43. axb4 Na7 (43... Ra7 44. Re7) 44.
Re7 1-0

[Event "plancoët 2012"]
[Site "?"]
[Date "2012.07.29"]
[Round "1"]
[White "Dubé, dimitri"]
[Black "Milchev, Nikolay"]
[Result "0-1"]
[ECO "C50"]
[WhiteElo "2079"]
[BlackElo "2421"]
[Annotator "Pierre-Jean Allory"]
[PlyCount "86"]
[EventDate "2012.??.??"]
[TimeControl "240+2"]

{545MB, Rybka4Gen.ctg, Mypc} 1. Nf3 Nc6 2. e4 e5 3. Bc4 g6 4.
d4 exd4 5. Nxd4 Bg7 6. Be3 d6 7. Nc3 Nf6 8. f3 O-O 9. Qd2 Ne5 10. Be2 d5 11.
exd5 Nxd5 12. Nxd5 Qxd5 13. Nb5 Qxd2+ 14. Bxd2 c6 15. Nd6 Be6 16. Bc3 b6 17.
O-O-O a5 18. a4 Rfd8 19. Nb7 Rdb8 20. Nd6 h5 21. h3 Bd5 22. Nb5 Rc8 23. Nd4 Re8
24. b3 Re7 25. Bb2 f5 26. c4 Bf7 27. f4 Bh6 28. g3 c5 29. Nb5 h4 30. Kb1 Nd7
31. Bf3 Rf8 32. Nd6 hxg3 33. Nxf7 Rfxf7 34. h4 Bxf4 35. h5 g5 36. h6 Kh7 37.
Bd5 Be3 38. Bxf7 Rxf7 39. Bc1 Bxc1 40. Kxc1 f4 41. Rh5 g2 42. Rxg5 f3 43. Kd2
Kxh6 0-1

[Event "Plancoet 2012"]
[Site "?"]
[Date "2012.08.03"]
[Round "8.7"]
[White "Najart, David"]
[Black "Colin, Vincent"]
[Result "0-1"]
[ECO "E14"]
[WhiteElo "2109"]
[BlackElo "2391"]
[Annotator ",Seb"]
[PlyCount "76"]
[TimeControl "240+2"]

{512MB, Opening Tree.ctg} 1. c4 b6 2. Nc3 c5 3. Nf3 Bb7 4. e3 e6 5. d4 cxd4 6.
exd4 Nf6 7. Bg5 Be7 8. Rc1 d6 9. Be2 h6 10. Bxf6 Bxf6 11. O-O O-O 12. b4 Nd7
13. Qb3 a6 14. a4 Ra7 15. Rfd1 Qe7 16. Rc2 Rc8 17. Ra2 e5 18. dxe5 dxe5 19.
Rad2 Ba8 20. Ne1 e4 21. Bg4 Rcc7 22. Nc2 Ne5 23. Be2 Bg5 24. Rd4 Ng6 25. Ne3
Bxe3 26. fxe3 Nh4 27. Nd5 Bxd5 28. Rxd5 Rc6 29. Kh1 Rf6 30. Rf1 Rc7 31. b5 axb5
32. axb5 Rxf1+ 33. Bxf1 Qf6 34. Qd1 Nf5 35. Qe1 Nxe3 36. Qxe3 Qxf1+ 37. Qg1
Qxc4 38. Rd8+ Kh7 0-1

[Event "Plancoet 2012"]
[Site "?"]
[Date "2012.08.03"]
[Round "8.8"]
[White "Brochet, Philippe"]
[Black "Marie, Maxime"]
[Result "1-0"]
[ECO "B30"]
[WhiteElo "2390"]
[BlackElo "2192"]
[Annotator ",Seb"]
[PlyCount "83"]
[TimeControl "240+2"]

{512MB, Opening Tree.ctg} 1. e4 c5 2. Nf3 Nc6 3. Bb5 Nf6 4. Nc3 Qc7 5. O-O Nd4
6. Re1 a6 7. Bf1 e5 8. Nd5 Nxd5 9. exd5 d6 10. c3 Nxf3+ 11. Qxf3 Be7 12. d4 O-O
13. Qg3 Bf6 14. dxc5 Qxc5 15. c4 Qd4 16. Qa3 e4 17. Qxd6 Be5 18. Qa3 b5 19. Be3
Qxb2 20. Qxb2 Bxb2 21. Rab1 Be5 22. c5 Rd8 23. Rbd1 Bg4 24. Be2 Bc3 25. Bxg4
Bxe1 26. Rxe1 Rxd5 27. f3 Rd3 28. fxe4 Rc3 29. Bd7 Kf8 30. c6 a5 31. Kf2 Ke7
32. Rc1 Rxc1 33. Bxc1 b4 34. Ke3 a4 35. Kd3 b3 36. Ba3+ Kd8 37. axb3 axb3 38.
Bb2 f6 39. Kc3 Ra4 40. e5 fxe5 41. Kxb3 Re4 42. Bc3 1-0

[Event "Plancoet 2012"]
[Site "?"]
[Date "2012.08.03"]
[Round "8.9"]
[White "Bernard, Christophe"]
[Black "Purenne, Benoit"]
[Result "1/2-1/2"]
[ECO "E18"]
[WhiteElo "2290"]
[BlackElo "2167"]
[Annotator ",Seb"]
[PlyCount "122"]
[TimeControl "240+2"]

{512MB, Opening Tree.ctg} 1. d4 Nf6 2. c4 e6 3. Nf3 b6 4. g3 Bb7 5. Bg2 Be7 6.
Nc3 Ne4 7. Bd2 f5 8. O-O O-O 9. Rc1 Bf6 10. b4 Qe7 11. Be1 d6 12. d5 Nxc3 13.
Bxc3 e5 14. c5 bxc5 15. bxc5 Na6 16. cxd6 cxd6 17. e4 Nc5 18. Ba5 fxe4 19. Nd2
Bg5 20. Rxc5 dxc5 21. Nxe4 Bf6 22. d6 Qf7 23. Nxf6+ gxf6 24. Bxb7 Qxb7 25. d7
Rad8 26. Qg4+ Kf7 27. Rd1 Qc6 28. Qf5 Kg7 29. g4 c4 30. Bxd8 Rxd8 31. h4 c3 32.
g5 c2 33. Rc1 Rxd7 34. gxf6+ Kf7 35. Qxh7+ Ke6 36. Qxc2 Qxc2 37. Rxc2 Kxf6 38.
Rc6+ Kf5 39. Ra6 Kg4 40. Ra5 e4 41. h5 Kf3 42. h6 Rd1+ 43. Kh2 Kxf2 44. Rxa7
Rd6 45. Rf7+ Ke1 46. h7 Rh6+ 47. Kg3 e3 48. Kf4 e2 49. Kg5 Rh1 50. Kg6 Rg1+ 51.
Kf6 Rh1 52. Kg7 Rg1+ 53. Kf8 Rh1 54. Kg8 Rg1+ 55. Rg7 Rxg7+ 56. Kxg7 Kd2 57.
h8=Q e1=Q 58. Qh2+ Kc3 59. Qc7+ Kb4 60. Qb7+ Ka4 61. Qb3+ Ka5 1/2-1/2

[Event "Plancoet 2012"]
[Site "?"]
[Date "2012.08.03"]
[Round "8.10"]
[White "Bolon, Karelle"]
[Black "Polard, Gaetan"]
[Result "0-1"]
[ECO "C45"]
[WhiteElo "2107"]
[BlackElo "2246"]
[Annotator ",Seb"]
[PlyCount "122"]
[TimeControl "240+2"]

{512MB, Opening Tree.ctg} 1. e4 e5 2. Nf3 Nc6 3. d4 exd4 4. Nxd4 Nf6 5. Nxc6
bxc6 6. e5 Qe7 7. Qe2 Nd5 8. c4 Ba6 9. b3 g6 10. Bb2 Bg7 11. g3 O-O 12. Bg2
Rae8 13. O-O Bxe5 14. Qxe5 Qxe5 15. Bxe5 Rxe5 16. cxd5 Bxf1 17. Kxf1 cxd5 18.
Nc3 c6 19. Re1 Rfe8 20. Rxe5 Rxe5 21. Ne2 Kf8 22. Ke1 Ke7 23. Kd2 Kd6 24. f4
Re8 25. g4 Kc5 26. a3 a5 27. Kd3 Rb8 28. Kc3 Kd6 29. b4 axb4+ 30. axb4 Ra8 31.
Nd4 Ra1 32. h4 Rg1 33. Bf3 Rc1+ 34. Nc2 f6 35. Kd2 Rb1 36. Bd1 Rb3 37. Be2 Rh3
38. h5 g5 39. fxg5 fxg5 40. Bd3 Rg3 41. Ne3 Ke5 42. Bxh7 Kf4 43. Nf5 Rxg4 44.
h6 Rg2+ 45. Ke1 Rh2 46. Kf1 g4 47. Kg1 Rh3 48. Kg2 Kg5 49. Ng3 Rxh6 50. Bf5 Rd6
51. Bd3 Kf4 52. Nf5 Rf6 53. b5 Rxf5 54. Bxf5 cxb5 55. Bxd7 b4 56. Be6 d4 57.
Bc4 Ke3 58. Kg3 d3 59. Bb3 Ke2 60. Bc4 Kd2 61. Kxg4 Kc3 0-1

[Event "Plancoet 2012"]
[Site "?"]
[Date "2012.08.03"]
[Round "8.24"]
[White "David, Alex"]
[Black "Crahan, Alan"]
[Result "0-1"]
[ECO "E61"]
[WhiteElo "1260"]
[BlackElo "1849"]
[Annotator ",Seb"]
[PlyCount "66"]
[TimeControl "240+2"]

{512MB, Opening Tree.ctg} 1. d4 Nf6 2. c4 g6 3. Nc3 c6 4. e4 d5 5. cxd5 cxd5 6.
e5 Ne4 7. f3 Nxc3 8. bxc3 Bf5 9. f4 a6 10. Nf3 Bg7 11. Be2 O-O 12. O-O Nd7 13.
Be3 Rc8 14. Rc1 Qa5 15. Qb3 Nb6 16. Rf2 Rc7 17. Bd2 Nc4 18. Bxc4 dxc4 19. Qb2
Rb8 20. Be3 Bf8 21. Qd2 e6 22. Rd1 b5 23. d5 exd5 24. Qxd5 Rd7 25. Qxd7 Bxd7
26. Rxd7 Qxc3 27. Bd2 Qa1+ 28. Be1 Bc5 29. Kf1 Bxf2 30. Kxf2 c3 31. Rc7 Qxa2+
32. Ke3 c2 33. Bd2 b4 0-1

[Event "Plancoet 2012"]
[Site "?"]
[Date "2012.08.02"]
[Round "7.2"]
[White "Malakhatko, Vadim"]
[Black "Vovk, Andrey"]
[Result "1/2-1/2"]
[ECO "A48"]
[WhiteElo "2530"]
[BlackElo "2549"]
[Annotator ",Seb"]
[PlyCount "20"]
[TimeControl "240+2"]

{512MB, Opening Tree.ctg} 1. d4 Nf6 2. Nf3 g6 3. Bf4 Bg7 4. e3 O-O 5. Be2 d6 6.
h3 b6 7. O-O Bb7 8. a4 a6 9. Bh2 c5 10. c3 Nbd7 1/2-1/2

[Event "Plancoet 2012"]
[Site "?"]
[Date "2012.08.02"]
[Round "7.3"]
[White "Mista, Aleksander"]
[Black "Colin, Vincent"]
[Result "1-0"]
[ECO "B38"]
[WhiteElo "2541"]
[BlackElo "2391"]
[Annotator ",Seb"]
[PlyCount "141"]
[TimeControl "240+2"]

{512MB, Opening Tree.ctg} 1. e4 c5 2. Nf3 Nc6 3. d4 cxd4 4. Nxd4 g6 5. c4 Bg7
6. Be3 Nf6 7. Nc3 O-O 8. Be2 d6 9. O-O Nxd4 10. Bxd4 a5 11. Qd2 Bd7 12. Qe3 Bc6
13. Bb6 Qd7 14. f3 Rfc8 15. a4 Qe8 16. Nd5 Nd7 17. Nc7 Rxc7 18. Bxc7 Qc8 19.
Bb6 Bxb2 20. Ra2 Nxb6 21. Qxb6 Bc3 22. Qe3 Bb4 23. Kh1 Qe6 24. Bd3 Rf8 25. f4
f6 26. Qg3 Kh8 27. f5 Qe5 28. Qxe5 dxe5 29. fxg6 hxg6 30. Bc2 Rd8 31. Rd1 Rxd1+
32. Bxd1 Bxe4 33. Bc2 Bxc2 34. Rxc2 b6 35. Kg1 Kg7 36. Kf2 f5 37. Ke2 Kf6 38.
Rc1 Bc5 39. Rd1 Bd4 40. Kd3 Kg5 41. Ke2 Kg4 42. Rd3 f4 43. h3+ Kf5 44. g4+ fxg3
45. Rf3+ Ke6 46. Rxg3 Kf5 47. Kd3 g5 48. Rf3+ Kg6 49. Rf8 Kg7 50. Rc8 Kg6 51.
Ke4 e6 52. c5 bxc5 53. Rb8 c4 54. Rb5 Kh5 55. Rxa5 Kh4 56. Ra8 Kxh3 57. Rh8+
Kg3 58. a5 c3 59. a6 g4 60. Rh7 Kg2 61. Rc7 g3 62. Rxc3 Bxc3 63. a7 Kf2 64.
a8=Q g2 65. Qf8+ Ke1 66. Qg7 Kf2 67. Qf6+ Kg3 68. Qg6+ Kh2 69. Kf3 g1=N+ 70.
Kg4 Ba5 71. Qh5+ 1-0

[Event "Plancoet 2012"]
[Site "?"]
[Date "2012.08.02"]
[Round "7.4"]
[White "Serafimov, Tervel"]
[Black "Guliyev, Namig"]
[Result "0-1"]
[ECO "A29"]
[WhiteElo "2425"]
[BlackElo "2539"]
[Annotator ",Seb"]
[PlyCount "88"]
[TimeControl "240+2"]

{512MB, Opening Tree.ctg} 1. g3 e5 2. Bg2 Nf6 3. c4 Nc6 4. Nf3 Bc5 5. Nc3 O-O
6. O-O Re8 7. d3 a6 8. a3 d6 9. Bg5 h6 10. Bh4 Nd4 11. Bxf6 Qxf6 12. Ne4 Qe7
13. Nxc5 dxc5 14. e3 Nf5 15. Re1 c6 16. d4 Rd8 17. Nxe5 cxd4 18. exd4 Nxd4 19.
Nf3 Nxf3+ 20. Qxf3 Qc5 21. Qc3 Be6 22. Bf1 Rd4 23. Rad1 Rad8 24. b4 Qa7 25.
Rxd4 Qxd4 26. Qxd4 Rxd4 27. c5 g5 28. f3 Kg7 29. Re3 Rd2 30. Be2 Kf6 31. Kf1 h5
32. Ke1 Ra2 33. Kf1 h4 34. Ke1 h3 35. g4 Rc2 36. Kd1 Rb2 37. Kc1 Ra2 38. Kb1
Bd5 39. Kc1 Ra1+ 40. Kd2 Rh1 41. f4 Rxh2 42. fxg5+ Kxg5 43. Ke1 Kf4 44. Rc3
Rxe2+ 0-1

[Event "Plancoet 2012"]
[Site "?"]
[Date "2012.08.02"]
[Round "7.5"]
[White "Marie, Maxime"]
[Black "Istratescu, Andrei"]
[Result "1/2-1/2"]
[ECO "A29"]
[WhiteElo "2192"]
[BlackElo "2641"]
[Annotator ",Seb"]
[PlyCount "69"]
[TimeControl "240+2"]

{512MB, Opening Tree.ctg} 1. c4 e5 2. g3 Nf6 3. Bg2 d5 4. cxd5 Nxd5 5. Nc3 Ne7
6. Nf3 Nbc6 7. O-O Nf5 8. a3 h5 9. b4 a6 10. Bb2 h4 11. Rc1 hxg3 12. fxg3 Qd6
13. Nd5 e4 14. Ng5 Qxd5 15. Bxe4 Qb5 16. Qb3 Nd8 17. Bd5 Qb6+ 18. e3 Qg6 19.
Rxc7 Be7 20. Qa4+ Kf8 21. Rxc8 Rxc8 22. Qd7 Qxg5 23. Rxf5 Rc7 24. Bxg7+ Qxg7
25. Qxc7 Qa1+ 26. Rf1 Qxa3 27. Bxf7 Nxf7 28. Qc8+ Kg7 29. Qe6 Rf8 30. Qxe7 Qb2
31. d4 Qe2 32. Qf6+ Kh7 33. Qf5+ Kg7 34. Qf6+ Kh7 35. Qf5+ 1/2-1/2

[Event "Plancoet 2012"]
[Site "?"]
[Date "2012.08.02"]
[Round "7.6"]
[White "Mevel, Alberic"]
[Black "Kukov, Velislav"]
[Result "0-1"]
[ECO "B12"]
[WhiteElo "2188"]
[BlackElo "2404"]
[Annotator ",Seb"]
[PlyCount "84"]
[TimeControl "240+2"]

{512MB, Opening Tree.ctg} 1. e4 c6 2. d4 d5 3. e5 Na6 4. Be3 g6 5. Nd2 Nc7 6.
Bd3 Nh6 7. h4 Nf5 8. h5 Bg7 9. Ne2 Nxe3 10. fxe3 Bg4 11. hxg6 hxg6 12. Rxh8+
Bxh8 13. Nf3 Ne6 14. c3 Bg7 15. Qc2 Qd7 16. O-O-O O-O-O 17. Kb1 Rh8 18. c4 Nc7
19. Nc3 e6 20. Rf1 Bh6 21. Qf2 dxc4 22. Bxc4 Nd5 23. Re1 Qe7 24. e4 Nb6 25. Bb3
Bxf3 26. Qxf3 Bd2 27. Rf1 Rh7 28. Nd1 a5 29. a3 Qg5 30. Nf2 Qe3 31. Rd1 a4 32.
Bc2 Qf4 33. Bd3 Qe3 34. Qf6 Nd7 35. Qf3 Qxf3 36. gxf3 Bf4 37. Ng4 Rh3 38. Bc2
Rxf3 39. Bxa4 Rg3 40. Nf2 Be3 41. Nd3 Bxd4 42. Bc2 Rg1 0-1